 Dungeon Crawl Stone Soup version 0.30-a0-210-g01b79a254e (webtiles) character file.

Game seed: 18053588706637187308

2466 NinjaNoafa the Grappler (level 9, -12/84 (88) HPs)
             Began as a Troll Monk on Oct 3, 2022.
             Was an Elder of Makhleb.
             Mangled by a wight
             ... wielding a +2 battleaxe of freezing
              (19 damage)
             ... on level 6 of the Dungeon on Oct 4, 2022.
             The game lasted 00:12:54 (4667 turns).

NinjaNoafa the Grappler (Troll Monk)                Turns: 4667, Time: 00:12:55

HP:   -12/84 (88)   AC:  6    Str: 23      XL:     9   Next: 26%
MP:   13/13         EV: 10    Int:  4 (6)  God:    Makhleb [****..]
Gold: 183           SH:  0    Dex: 14      Spells: 8/8 levels left

rFire   + . .      SeeInvis .      - Unarmed
rCold   + + .      Faith    .    (no shield)
rNeg    . . .      Spirit   .    g - +2 robe {Will+}
rPois   +          Reflect  .    (helmet restricted)
rElec   +          Harm     .    (no cloak)
rCorr   +          Rampage  .    (gloves unavailable)
Will    .....                    (boots unavailable)
Stlth   ++........               (no amulet)
HPRegen 1.14/turn                q - ring of wizardry
MPRegen 0.13/turn                A - ring of protection from cold

@: lethally poisoned (-12 -> -13), resistant, weak-willed, lightly drained
A: large, unfitting armour, claws 3, regeneration 1, shaggy fur 1, tough skin 1
a: Renounce Religion, Minor Destruction, Lesser Servant of Makhleb, Major
Destruction


You were on level 6 of the Dungeon.
You worshipped Makhleb.
Makhleb was greatly pleased with you.
You visited 1 branch of the dungeon, and saw 6 of its levels.

You collected 249 gold pieces.
You spent 66 gold pieces at shops.

Inventory:

Missiles
 d - 32 stones
 e - 3 boomerangs
 f - 14 poisoned darts
Armour
 g - a +2 robe of willpower (worn)
Jewellery
 q - a ring of wizardry (left claw)
 A - a ring of protection from cold (right claw)
Wands
 r - a wand of acid (10)
 x - a wand of roots (19)
 y - a wand of polymorph (12)
 B - a wand of flame (27)
Scrolls
 a - 2 scrolls of vulnerability
 l - 2 scrolls of magic mapping
 n - 2 scrolls of torment
 o - a scroll of immolation
 s - a scroll of enchant weapon {unknown}
 t - a scroll of teleportation {unknown}
 v - 2 scrolls of fog {unknown}
 z - a scroll of enchant armour {unknown}
Potions
 j - 2 potions of degeneration
 u - 2 potions of attraction


   Skills:
 - Level 5.0 Fighting
 - Level 3.0 Axes
 - Level 2.4 Dodging
 - Level 1.0 Stealth
 + Level 8.0 Unarmed Combat
 - Level 7.0 Invocations


You had 8 spell levels left.
You didn't know any spells.
Your spell library was empty.

Dungeon Overview and Level Annotations

Branches:
Dungeon (6/15)
 Temple: D:4-7

Altars:
Ashenzari
Makhleb
Qazlal

Shops:
D:1 !   D:3 (   D:5 [

Annotations:
D:6 IdlyInterested's ghost, novice DsBr


Innate Abilities, Weirdness & Mutations

You are too large for most types of armour.
You have claws for hands.
Your natural rate of healing is unusually fast.
You are covered in fur. (AC +1)
You have tough skin. (AC +1)


Message History

As you read the scroll of identify, it crumbles to dust.
n - 2 scrolls of torment The scorpion stings you but does no damage.
As you read the scroll of identify, it crumbles to dust.
o - 2 scrolls of immolation The scorpion completely misses you.
As you read the scroll labelled QIFAWU TOYSUUL, it crumbles to dust.
You assume a fearsome visage.
The scorpion looks frightened!
The wight is unaffected.
It was a scroll of fear.
Okay, then.
Cornered, the scorpion turns to fight!
You barely miss the scorpion. Your claw misses the scorpion.
The scorpion is severely wounded.
The scorpion closely misses you.
You closely miss the scorpion.
The scorpion is severely wounded.
The scorpion stings you.
You are poisoned.
The scorpion poisons you!
Really read the scroll of immolation?
As you read the scroll of immolation, it crumbles to dust.
The creatures around you are filled with an inner flame!
You feel very sick. The scorpion stings you.
The wight hits you with a +2 battleaxe of freezing!
You feel drained. The wight freezes you. The scorpion barely misses you.
Unknown command.
The scorpion attacks as you move away!
The scorpion stings you but does no damage.
You feel very sick. The wight attacks as you move away!
The wight hits you with a +2 battleaxe of freezing!
* * * LOW HITPOINT WARNING * * *
The wight freezes you.
* * * LOW HITPOINT WARNING * * *
You feel sick.
You feel protected.
You feel sick.
The wight hits you with a +2 battleaxe of freezing!!
You die...

..#.# #)#.#### #.........# #.#
.[#.# #...#.# ##)...|..## #..
..#.###.#z#!#.##.......>...# #.#
........#...#.#####.......#####.#
.##.#####.#.#.# #...............
.##.# #..z#.# ##.#.#.#.#.....#
.##.# #.###.### #######...###.#
.##.# #.....so###########.# #†#
.##.# #..z.hzz@...........# #.#
.##.# #.≈≈≈≈≈≈≈≈~≈≈≈≈≈≈≈≈.# #.#
.##.# #.≈≈≈≈≈≈≈≈~≈≈≈≈≈≈≈≈.# #.#
.##># #.≈≈####.....####≈≈.###.#
....# #.≈≈#.g#8###8#.g#≈≈.##..#
###.# #.≈≈##.###g###.##≈≈.##...
#.# #.≈≈#... .......#≈≈.##.## #
#.# #. ### ##'##.###≈≈.##.##
###)# $$#.#..≈≈.##.##


You could see a gnoll sergeant, a scorpion (inner flame, weak-willed), a hound
(inner flame, weak-willed), 3 wights, 2 gnolls and an orc (inner flame,
weak-willed).

Vanquished Creatures
  4 yaks (D:6)
  A water moccasin (D:5)
  A black bear (D:4)
  2 ice beasts (D:6)
  A sky beast (D:5)
  3 ogres
  A centaur (D:6)
  2 phantoms
  A necrophage (D:6)
  A scorpion (D:6)
  2 howler monkeys
  A gnoll bouda (D:5)
  6 hounds
  Jessica (D:2)
  Ijyb (D:5)
  6 iguanas
  2 gnolls (D:5)
  6 adders
  A white imp (D:6)
  2 ufetubi
  3 worms
  4 dart slugs
  3 orcs
  2 ball pythons
  7 endoplasms
  4 giant cockroaches
  8 goblins
  10 hobgoblins
  11 jackals
  3 quokkas
  4 bats
  2 frilled lizards
  3 kobolds
  7 rats
116 creatures vanquished.

Vanquished Creatures (collateral kills)
  A yak (D:6)
  4 orcs (D:6)
5 creatures vanquished.

Vanquished Creatures (others)
  An orc (D:6)
  6 plants (D:6)
7 creatures vanquished.

Grand Total: 128 creatures vanquished

Notes
Turn   | Place    | Note
-------+----------+-------------------------------------------
     0 | D:1      | NinjaNoafa the Troll Monk began the quest for the Orb.
     0 | D:1      | Reached XP level 1. HP: 22/22 MP: 0/0
    98 | D:1      | Reached XP level 2. HP: 29/29 MP: 1/1
   345 | D:1      | Found Yrruet's Distillery.
   644 | D:2      | Reached XP level 3. HP: 37/37 MP: 2/2
   706 | D:2      | Reached skill level 4 in Unarmed Combat
   881 | D:2      | Noticed Jessica
   889 | D:2      | Killed Jessica
   890 | D:2      | Reached XP level 4. HP: 45/45 MP: 3/3
  1126 | D:3      | Found a faded altar of an unknown god.
  1132 | D:3      | Prayed at the altar of an unknown god.
  1132 | D:3      | Became a worshipper of Makhleb the Destroyer
  1132 | D:3      | Reached * piety under Makhleb
  1132 | D:3      | Reached ** piety under Makhleb
  1218 | D:3      | Identified the +0 leather armour of the Orange Skies {rPois
                  | Int+2 Dex-3 SInv}
  1510 | D:3      | Identified the +7 hand axe of Eternal Vigilance {freeze,
                  | Str+9}
  1531 | D:3      | Found Doseniff's Antique Weapon Shoppe.
  1620 | D:3      | Reached *** piety under Makhleb
  1732 | D:3      | Found a stormy altar of Qazlal.
  1734 | D:3      | Noticed an air elemental
  1735 | D:3      | Noticed a water elemental
  1735 | D:3      | Noticed an earth elemental
  1735 | D:3      | Noticed a fire elemental
  2032 | D:4      | Noticed a black bear
  2040 | D:4      | Killed a black bear
  2041 | D:4      | Reached skill level 5 in Unarmed Combat
  2041 | D:4      | Reached XP level 5. HP: 53/53 MP: 4/4
  2152 | D:4      | Noticed an ogre
  2158 | D:4      | Killed an ogre
  2159 | D:4      | Reached skill level 1 in Invocations
  2159 | D:4      | Reached XP level 6. HP: 53/61 MP: 5/5
  3072 | D:4      | Upgraded the game from 0.30-a0-187-gd9c2deaf24 to
                  | 0.30-a0-210-g01b79a254e
  3101 | D:5      | Entered Level 5 of the Dungeon
  3159 | D:5      | Identified the +9 trident of Xiskyu {freeze, Str-5 Dex+7}
  3251 | D:5      | Noticed a water moccasin
  3263 | D:5      | Killed a water moccasin
  3264 | D:5      | Reached XP level 7. HP: 63/67 MP: 7/9
  3498 | D:5      | Reached skill level 5 in Invocations
  3520 | D:5      | Noticed Ijyb
  3536 | D:5      | Killed Ijyb
  3705 | D:5      | Found Taddahog's Antique Armour Shoppe.
  3713 | D:5      | Bought an embroidered robe for 66 gold pieces
  3750 | D:5      | Found a broken altar of Ashenzari.
  3796 | D:5      | Reached XP level 8. HP: 58/75 MP: 11/11
  4218 | D:6      | Identified the +8 trident "Finuisut" {venom, rF+ Will-
                  | Dex+7 SInv}
  4218 | D:6      | Identified the +3 ring mail of the Seven of Cups {Harm
                  | rElec Int+4}
  4384 | D:6      | Reached **** piety under Makhleb
  4453 | D:6      | Reached skill level 6 in Unarmed Combat
  4491 | D:6      | Reached skill level 7 in Unarmed Combat
  4512 | D:6      | Reached XP level 9. HP: 18/87 MP: 13/13
  4520 | D:6      | Reached skill level 5 in Fighting
  4626 | D:6      | Noticed IdlyInterested's ghost (novice DsBr)
  4646 | D:6      | Reached skill level 8 in Unarmed Combat
  4667 | D:6      | Mangled by a wight

Illustrated notes

Levels and vault maps discovered:
D:1:      giann_forest_graveyard, layout_basic, serial_shops, shop_fountains,
          chequers_serial_rivers_micro_d
D:2:      layout_basic, uniq_jessica
D:3:      layout_loops_corners, nicolae_qazlal_style_of_elements, serial_shops,
          nicolae_lakefront_shop, nicolae_ecumenical_pavilion
D:4:      layout_basic, roderic_serpentine_path
D:5:      layout_loops_cross, cheibrodos_ashenzari_chains, serial_shops,
          nicolae_shop_hallway_stairs, minmay_holes, small_statue_intersection,
          uniq_ijyb
D:6:      layout_loops_ring, gammafunk_ghost_gnarly_gnolls, st_stairs_4,
          grunt_decor_mini_mirrors, nrook_mini_backslash,
          hangedman_minor_gate_pass

Skill      XL: |  1  2  3  4  5  6  7  8  9 |
---------------+----------------------------+-----
Fighting       | 3 4 5 |  5.0
Unarmed Combat | 4 5 7 8 |  8.0
Axes           | 2 3 |  3.0
Invocations    | 1 4 6 7 |  7.0
Dodging        | |  2.4
Stealth        | |  1.0

Action                   |  1- 3 |  4- 6 |  7- 9 || total
-------------------------+-------+-------+-------++-------
Melee: Unarmed           |    74 |    31 |   137 ||   242
       Punch             |     3 |     4 |     7 ||    14
       Hand axe          |       |    88 |       ||    88
       Trident           |       |     7 |     4 ||    11
Throw: Boomerang         |    25 |       |       ||    25
       Dart              |    11 |       |       ||    11
       Stone             |     5 |       |       ||     5
Invok: Minor Destruction |       |       |    10 ||    10
       Lesser Servant of |       |       |     1 ||     1
       Major Destruction |       |       |     1 ||     1
Evoke: Wand              |       |       |     2 ||     2
  Use: Potion            |       |       |    10 ||    10
       Scroll            |       |       |     6 ||     6
 Stab: Sleeping          |     2 |     6 |     4 ||    12
Armor: Robe              |    45 |    49 |    51 ||   145
Dodge: Dodged            |    65 |    74 |    92 ||   231

Table legend: (Time is in decaauts)
 A = Elapsed time spent in this place.
 B = Non-inter-level travel time spent in this place.
 C = Inter-level travel time spent in this place.
 D = Time resting spent in this place.
 E = Time spent auto-exploring this place.
 F = Levels seen in this place.
 G = Mean time per level.
                   A        B        C        D        E       F      G
               +--------+--------+--------+--------+--------+-----+--------+
         Total |   4670 |   4546 |    124 |      0 |   3444 |   6 |  778.3 |
       Dungeon |   4670 |   4546 |    124 |      0 |   3444 |   6 |  778.3 |
               +--------+--------+--------+--------+--------+-----+--------+

Top non-repeatable levels by time:
     D:4: 1079 daAuts
     D:3: 906 daAuts
     D:5: 877 daAuts
     D:6: 679 daAuts
     D:1: 572 daAuts
     D:2: 555 daAuts
